 Dungeon Crawl Stone Soup version 0.28-a0-973-ga7f8b01127 (webtiles) character file.

Game seed: 9451725839571841606

4 Goblin1989 the Sneak (level 1, 0/18 HPs)
             Began as a Demonspawn Delver on Dec 1, 2021.
             Slain by an adder (1 damage)
             ... on level 2 of the Dungeon.
             The game lasted 00:01:44 (351 turns).

Goblin1989 the Sneak (Demonspawn Delver)             Turns: 351, Time: 00:01:45

Health: 0/18       AC:  3    Str: 12    XL:     1   Next: 58%
Magic:  1/1        EV: 11    Int: 11    God:
Gold:   0          SH:  0    Dex: 14    Spells: 0/0 levels left

rFire   . . .      SeeInvis .   a - +0 short sword
rCold   . . .      Faith    .   (no shield)
rNeg    . . .      Spirit   .   b - +0 leather armour
rPois   .          Reflect  .   (no helmet)
rElec   .          Harm     .   (no cloak)
rCorr   .          Rampage  .   (no gloves)
Will    .....                   (no boots)
Stlth   +++.......              (no amulet)
HPRegen 0.06/turn               (no ring)
MPRegen 0.07/turn               (no ring)

@: lethally poisoned (0 -> -2)
A: no striking features
a: no special abilities


You were on level 2 of the Dungeon.
You visited 1 branch of the dungeon, and saw 4 of its levels.

Inventory:

Hand Weapons
 a - a +0 short sword (weapon)
Armour
 b - a +0 leather armour (worn)
Wands
 g - a wand of digging (3) {@v1}
 N - a wand of charming (7)
Scrolls
 c - a scroll of fog
 e - a scroll of fear
 M - a scroll of magic mapping
Potions
 f - a potion of haste {@q3,}


   Skills:
 - Level 3.0 Fighting
 * Level 2.1 Short Blades
 - Level 1.7 Dodging
 + Level 4.6 Stealth


You couldn't memorise any spells.
You didn't know any spells.
Your spell library was empty.

Dungeon Overview and Level Annotations

Branches:
Dungeon (5/15)
 Temple: D:4-7

Altars:
Qazlal


Message History

The orc is moderately wounded.
The orc hits you with a +0 hand axe.
You take 5 damage, and have 13/18 hp.
MASSIVE DAMAGE!!
You hit the orc.
The orc is moderately wounded.
The orc misses you.
You hit the orc.
The orc is severely wounded.
The orc hits you with a +0 hand axe.
* * * LOW HITPOINT WARNING * * *
You take 5 damage, and have 8/18 hp.
MASSIVE DAMAGE!!
You hit the orc.
You kill the orc!
Your Short Blades skill increases to level 2!
Unknown command.
Unknown command.
You start resting.
HP restored.
Health restored: 18
Things that are here:
a +0 hand axe; a +0 ring mail; an orc corpse
Found a robe.
Found a stone staircase leading up.
An orc comes into view. It is wielding a +0 hand axe.
An orc comes into view. It is wielding a +0 dagger.
The orc shouts!
You open the door.
An orc and an orc priest come into view.
Found a stormy altar of Qazlal.
You close the door.
Found a sedimented golden potion.
Something unseen opens the door.
There is a stone staircase leading up here.
You climb upwards.
There is a stone staircase leading down here.
A goblin comes into view. It is wielding a +0 dagger.
The goblin shouts!
An adder comes into view.
A rat comes into view.
There is a stone staircase leading down here.
The goblin hits you with a +0 dagger.
You take 3 damage, and have 15/18 hp.
You barely miss the goblin. The goblin hits you but does no damage.
You hit the goblin.
The goblin is heavily wounded.
The goblin hits you but does no damage.
You closely miss the goblin.
The goblin is moderately wounded.
The goblin hits you but does no damage.
You hit the goblin.
You kill the goblin!
You see here a +0 dagger.
You start resting.
HP restored.
Health restored: 18
Found a runed malachite amulet.
An adder comes into view.
The adder hisses angrily.
You hear a shout! x2
You hit the adder.
The adder is heavily wounded.
The adder misses you.
You hit the adder but do no damage.
The adder is heavily wounded.
The adder barely misses you.
You barely miss the adder.
The adder is heavily wounded.
The adder barely misses you. The adder bites you but does no damage.
You hit the adder but do no damage.
The adder is heavily wounded.
The adder bites you.
You take 2 damage, and have 16/18 hp.
You miss the adder.
The adder is heavily wounded.
The adder bites you.
You are poisoned.
The adder poisons you!
You take 4 damage, and have 12/18 hp.
MASSIVE DAMAGE!!
You closely miss the adder.
The adder is heavily wounded.
You feel sick. The adder closely misses you. The adder bites you.
You take 3 damage, and have 9/18 hp.
You hit the adder but do no damage.
The adder is heavily wounded.
You feel sick. The adder bites you but does no damage.
You take 1 damage, and have 8/18 hp.
You barely miss the adder.
The adder is heavily wounded.
You feel sick. The adder bites you.
* * * LOW HITPOINT WARNING * * *
You take 2 damage, and have 6/18 hp.
You hit the adder.
The adder is heavily wounded.
You feel sick. The adder misses you.
Unknown command.
You hit the adder.
The adder is almost dead.
You feel sick. The adder bites you.
* * * LOW HITPOINT WARNING * * *
The adder bites you.
You die...

..█ ... ..█ ..█ ..█
".█ ██..█
███████████████...██
█......@S..........█
█.█████████████.█.██
█.█ ██..█
█.███████████████...
█.██..g>g.........███
█)██.███████████..█
█....█


██████ You could see an adder.

Vanquished Creatures
  An orc (D:3)
  A goblin (D:2)
  A bat (D:3)
  A kobold (D:4)
4 creatures vanquished.

Notes
Turn   | Place    | Note
-------+----------+-------------------------------------------
     0 | D:5      | Goblin1989 the Demonspawn Delver began the quest for the
                  | Orb.
     0 | D:5      | Reached XP level 1. HP: 18/18 MP: 1/1
   257 | D:3      | Found a stormy altar of Qazlal.
   257 | D:3      | Noticed an orc priest
   351 | D:2      | Slain by an adder

Illustrated notes

Levels and vault maps discovered:
D:2:      layout_loops_ring, serial_shops, shop_statue, uniq_sigmund
D:3:      layout_basic, mainiacjoe_overflow_surrounded_room, serial_shops,
          nicolae_shop_hallway_stairs, uniq_ijyb
D:4:      layout_basic, lemuel_tele_altar, lemuel_crystal_altar, uniq_eustachio
D:5:      old_forge, layout_loops_ring, amcnicky_altar_gilded,
          okawaru_ov_weapons_minmay, minmay_temple_entry_drinking_statues

Skill      XL: |  1 |
---------------+----+-----
Short Blades   | 2 |  2.1
Fighting       | |  3.0
Dodging        | |  1.7
Stealth        | |  4.6

Action                   || total
-------------------------++-------
Melee: Short sword       ||    27
 Stab: Sleeping          ||     1
Armor: Leather armour    ||    10
Dodge: Dodged            ||    10

Table legend: (Time is in decaauts)
 A = Elapsed time spent in this place.
 B = Non-inter-level travel time spent in this place.
 C = Inter-level travel time spent in this place.
 D = Time resting spent in this place.
 E = Time spent auto-exploring this place.
 F = Levels seen in this place.
 G = Mean time per level.
                   A        B        C        D        E       F      G
               +--------+--------+--------+--------+--------+-----+--------+
         Total |    350 |    350 |      0 |    186 |      0 |   4 |   87.5 |
       Dungeon |    350 |    350 |      0 |    186 |      0 |   4 |   87.5 |
               +--------+--------+--------+--------+--------+-----+--------+

Top non-repeatable levels by time:
     D:3: 255 daAuts
     D:2: 87 daAuts
     D:4: 4 daAuts
     D:5: 2 daAuts
